 Dungeon Crawl Stone Soup version 0.29.1-2-gbd0b4ee654 (webtiles) character file.

Game seed: 9549371066874619911

17 jamesblauser the Trooper (level 2, -2/24 HPs)
             Began as a Demonspawn Chaos Knight on Nov 5, 2022.
             Was a Plaything of Xom.
             Killed from afar by Sigmund (7 damage)
             ... with a magic dart
             ... on level 2 of the Dungeon.
             The game lasted 00:03:03 (684 turns).

jamesblauser the Trooper (Demonspawn Chaos Knight)   Turns: 684, Time: 00:03:07

Health: -2/24      AC:  7    Str: 12    XL:     2   Next: 44%
Magic:  2/2        EV: 11    Int: 13    God:    Xom [..*...]
Gold:   82         SH:  0    Dex: 12    Spells: 1/1 levels left

rFire   . . .      SeeInvis .   a - +0 hand axe (chaos)
rCold   . . .      Faith    .   (no shield)
rNeg    . . .      Spirit   .   b - +2 leather armour
rPois   .          Reflect  .   (no helmet)
rElec   .          Harm     .   (no cloak)
rCorr   .          Rampage  .   (no gloves)
Will    .....                   (no boots)
Stlth   +.........              (no amulet)
HPRegen 0.08/turn               (no ring)
MPRegen 0.08/turn               (no ring)

@: mighty
A: slimy green scales 1
a: Renounce Religion


You were on level 2 of the Dungeon.
You worshipped Xom.
You were a toy of Xom.
You visited 1 branch of the dungeon, and saw 2 of its levels.

You collected 82 gold pieces.

Inventory:

Hand Weapons
 a - a +0 hand axe of chaos (weapon)
Armour
 b - a +2 leather armour (worn)
Scrolls
 e - a scroll of enchant armour {unknown}
 g - a scroll of immolation {unknown}
Potions
 d - a potion of haste {unknown}
 f - a potion of invisibility
Miscellaneous
 c - a piece from Xom's chessboard (15/15) (quivered)


   Skills:
 + Level 3.2 Fighting
 + Level 3.0 Axes
 + Level 2.0 Armour
 + Level 1.0 Dodging


You had one spell level left.
You didn't know any spells.
Your spell library contained the following spells:

 Spells                   Type           Power      Damage    Failure   Level
 Beastly Appendage        Tmut           0%         N/A       36%         1
 Wereblood                Tmut           0%         N/A       52%         2
 Spider Form              Tmut/Pois      0%         N/A       75%         3


Dungeon Overview and Level Annotations

Branches:
Dungeon (2/15)

Altars:

Annotations:
D:2 Sigmund


Innate Abilities, Weirdness & Mutations

You are partially covered in slimy green scales. (AC +2)


Message History

You swap places.
There is a stone staircase leading down here.
You climb downwards.
Your mindless puppet stays behind to rot.
There is a stone staircase leading up here.
You open the door.
Sigmund the Dreaded comes into view.
He is wielding a +0 scythe.
Sigmund shouts!
Sigmund barely misses you.
There is an open door here.
Found a scroll labelled RUISIE QUOSUA.
An endoplasm comes into view.
You barely miss Sigmund.
Sigmund points at you and mumbles some strange words.
The magic dart hits you.
You hit Sigmund but do no damage.
Sigmund seems to speed up.
Xom is highly amused!
Sigmund barely misses you.
You closely miss Sigmund. "Go forth and cause havoc, mortal!"
You feel very mighty all of a sudden. Sigmund closely misses you.
Sigmund hits you with a +0 scythe!
You hit Sigmund. You freeze Sigmund.
Sigmund is lightly wounded.
Sigmund hits you with a +0 scythe!
* * * LOW HITPOINT WARNING * * *
You barely miss Sigmund.
Sigmund is lightly wounded.
Sigmund completely misses you.
You hit Sigmund. You drain Sigmund.
Sigmund is heavily wounded.
Sigmund closely misses you.
You closely miss Sigmund.
Sigmund is heavily wounded.
You hit the endoplasm.
You kill the endoplasm!
Sigmund casts a spell at you. The magic dart hits you!
You die...
Xom howls with laughter!

##### ####...#
..#...#
#.#...#
###.#...##
#.@@'...<#
........#...##
........+...+
?......##...#
....... #####
.......
.......
.......


You could see Sigmund (fast, very drained).

Vanquished Creatures
  A dart slug (D:1)
  A ball python (D:1)
  2 endoplasms
  A giant cockroach (D:1)
  A goblin (D:1)
  A hobgoblin (D:1)
  2 jackals (D:1)
  A bat (D:1)
  3 frilled lizards (D:1)
  A rat (D:1)
14 creatures vanquished.

Vanquished Creatures (collateral kills)
  An endoplasm (D:1)
1 creature vanquished.

Grand Total: 15 creatures vanquished

Notes
Turn   | Place    | Note
-------+----------+-------------------------------------------
     0 | D:1      | jamesblauser the Demonspawn Chaos Knight began the quest
                  | for the Orb.
     0 | D:1      | Reached XP level 1. HP: 18/18 MP: 1/1
    61 | D:1      | XOM: divination: detect items
   136 | D:1      | Gained mutation: You are partially covered in slimy green
                  | scales. (AC +2) [demonic ancestry]
   136 | D:1      | Reached XP level 2. HP: 24/24 MP: 2/2
   293 | D:1      | Reached skill level 1 in Dodging
   675 | D:2      | Noticed Sigmund
   680 | D:2      | XOM: potion effect (might)
   684 | D:2      | Killed from afar by Sigmund

Illustrated notes

Levels and vault maps discovered:
D:1:      shiori_shiawase, layout_basic
D:2:      minmay_chambers_of_ones, layout_basic, basic_altar, uniq_terence,
          uniq_jessica, uniq_sigmund

Skill      XL: |  1  2 |
---------------+-------+-----
Axes           | 3 |  3.0
Armour         | 2 |  2.0
Dodging        | 1 |  1.0
Fighting       | |  3.2

Action                   || total
-------------------------++-------
Melee: Hand axe          ||    41
       Punch             ||     1
  Use: Potion            ||     1
Armor: Leather armour    ||    15
Dodge: Dodged            ||    38
